 Dungeon Crawl Stone Soup version 0.24.0-29-g8ce449bc06 (webtiles) character file.

Game seed: 5269517913750985419, levelgen mode: deterministic

70 Curus the Twirler (level 4, -6/33 HPs)
             Began as a Demonspawn Gladiator on Nov 14, 2019.
             Mangled by Crazy Yiuf
             ... wielding a +2 quarterstaff of chaos
              (9 damage)
             ... on level 2 of the Dungeon.
             The game lasted 00:04:52 (1937 turns).

Curus the Twirler (Demonspawn Gladiator)            Turns: 1937, Time: 00:04:53

Health: -6/33      AC:  6    Str: 12 (14) XL:     4   Next: 3%
Magic:  1/4        EV: 11    Int:  7 (9)  God:
Gold:   119        SH:  0    Dex: 19 (22) Spells: 3/3 levels left

rFire    + . .     SeeInvis .   a - +0 quarterstaff
rCold    . . .     Gourm    .   (shield currently unavailable)
rNeg     . . .     Faith    .   b - +1 leather armour
rPois    .         Spirit   .   (helmet restricted)
rElec    .         Reflect  .   (no cloak)
rCorr    .         Harm     .   (no gloves)
MR       .....                  (no boots)
Stlth    +.........             (no amulet)
HPRegen  0.11/turn              j - -2 ring of evasion (curse)
MPRegen  0.09/turn              h - +6 ring of dexterity

@: no status effects
A: beak, horns 1, molten scales 1, deterioration 1, fire resistance 1, rot
immunity
a: no special abilities


You were on level 2 of the Dungeon.
You were not hungry.

You visited 1 branch of the dungeon, and saw 2 of its levels.

You collected 119 gold pieces.

Inventory:

Hand Weapons
 a - a +0 quarterstaff (weapon)
Missiles
 d - 3 throwing nets (quivered)
Armour
 b - a +1 leather armour (worn)
 c - a +0 helmet
Jewellery
 h - a +6 ring of dexterity (right hand)
 j - a cursed -2 ring of evasion (left hand)
Scrolls
 g - 2 scrolls of magic mapping
 i - a scroll of identify
Potions
 e - a potion of might
 k - a potion of mutation
 l - a potion of curing
Comestibles
 f - 6 rations


   Skills:
 - Level 2.0 Fighting
 + Level 4.5 Staves
 - Level 1.7 Throwing
 - Level 2.6 Dodging


You had 3 spell levels left.
You didn't know any spells.
Your spell library was empty.

Dungeon Overview and Level Annotations

Branches:
Dungeon (2/15)

Altars:

Annotations:
D:2 Crazy Yiuf


Innate Abilities, Weirdness & Mutations

You have a pair of small horns on your head.
You are partially covered in molten scales. (AC +2)
You are immune to rotting.
You have a beak for a mouth.
Your body sometimes deteriorates upon taking damage.
Your flesh is heat resistant. (rF+)


Message History

Crazy Yiuf is heavily wounded.
Crazy Yiuf grits, "Earwax stair Orb Guardian!"
Crazy Yiuf struggles against the net.
You sock Crazy Yiuf! You peck Crazy Yiuf, but do no damage.
Crazy Yiuf is almost dead.
Crazy Yiuf struggles against the net.
The net rips apart, and Crazy Yiuf comes free!
You closely miss Crazy Yiuf. You peck Crazy Yiuf.
Crazy Yiuf is almost dead.
Crazy Yiuf hits you with a +2 quarterstaff of chaos!
* * * LOW HITPOINT WARNING * * *
Your body deteriorates!
You feel weakened.
You feel your power leaking away.
You hit Crazy Yiuf. Your headbutt misses Crazy Yiuf.
Crazy Yiuf is almost dead.
Crazy Yiuf hits you with a +2 quarterstaff of chaos.
* * * LOW HITPOINT WARNING * * *
You hit Crazy Yiuf but do no damage.
Crazy Yiuf is almost dead.
Crazy Yiuf hits you with a +2 quarterstaff of chaos!
You die...

#.# ##'## #.# ##...##
#.# ##.....## ###
#.......# #........
♣♣♣♣♣##........ ###
♣♣♣.♣..#.........
#...#♣..♣............#
#...g@♣♣♣♣..........##
#)..#♣♣ ♣♣.#..#...##
### ♣♣#####'## #.####
#..... #########
##..###
#.##.##.#####...###
#.##.....<.........
#.#####.#####...##.


You could see Crazy Yiuf.

Vanquished Creatures
  3 adders (D:2)
  2 oozes
  A worm (D:2)
  A leopard gecko (D:2)
  2 giant cockroaches (D:2)
  4 goblins (D:1)
  5 hobgoblins
  2 bats
  A frilled lizard (D:1)
  4 kobolds
  9 rats
34 creatures vanquished.

Notes
Turn   | Place    | Note
-------+----------+-------------------------------------------
     0 | D:1      | Curus the Demonspawn Gladiator began the quest for the Orb.
     0 | D:1      | Reached XP level 1. HP: 16/16 MP: 1/1
    27 | D:1      | Reached skill level 3 in Staves
    50 | D:1      | Gained mutation: Your flesh is heat resistant. (rF+)
                  | [potion of mutation]
    50 | D:1      | Gained mutation: Your body sometimes deteriorates upon
                  | taking damage. [potion of mutation]
    50 | D:1      | Gained mutation: You have a beak for a mouth. [potion of
                  | mutation]
   368 | D:1      | Gained mutation: You are immune to rotting. [demonic
                  | ancestry]
   368 | D:1      | Reached XP level 2. HP: 17/22 MP: 2/2
  1040 | D:2      | Gained mutation: You have a pair of small horns on your
                  | head. [demonic ancestry]
  1040 | D:2      | Reached XP level 3. HP: 16/27 MP: 3/3
  1144 | D:2      | Reached skill level 4 in Staves
  1480 | D:2      | Found a faded altar of an unknown god.
  1601 | D:2      | Found a runed translucent door.
  1602 | D:2      | Noticed Crazy Yiuf
  1691 | D:2      | Gained mutation: You are partially covered in molten
                  | scales. (AC +2) [demonic ancestry]
  1691 | D:2      | Reached XP level 4. HP: 21/33 MP: 4/4
  1937 | D:2      | Mangled by Crazy Yiuf

Levels and vault maps discovered:
D:1:      lightli_arrival_lavapool, layout_loops_ring, st_stairs_7
D:2:      layout_loops_corners, chequers_ecumenical_altar_simple, first_ration,
          uniq_crazy_yiuf_cottage

Skill      XL: |  1  2  3 |
---------------+----------+-----
Staves         | 3 4 |  4.5
Fighting       | |  2.0
Throwing       | |  1.7
Dodging        | |  2.6

Action                   |  1- 3 |  4- 6 || total
-------------------------+-------+-------++-------
Melee: Quarterstaff      |   106 |    10 ||   116
       Peck              |     5 |     5 ||    10
       Headbutt          |     6 |     1 ||     7
Throw: Throwing net      |     1 |     1 ||     2
  Use: Scroll            |     8 |       ||     8
       Potion            |     6 |       ||     6
 Stab: Sleeping          |     1 |       ||     1
       Held in net/web   |       |     2 ||     2
  Eat: Chunk             |     2 |     1 ||     3
Armor: Leather armour    |    25 |       ||    25
Dodge: Dodged            |    49 |     2 ||    51
